 Dungeon Crawl Stone Soup version 0.29.1-2-gbd0b4ee654 (webtiles) character file.

Game seed: 15962181651001907703

5428 Omegus91 the Carver (level 10, -1/81 HPs)
             Began as a Hill Orc Fighter on Nov 15, 2022.
             Was an Elder of Okawaru.
             Slain by a ten-headed hydra (12 damage)
             ... on level 8 of the Dungeon.
             The game lasted 00:26:31 (10279 turns).

Omegus91 the Carver (Hill Orc Fighter)             Turns: 10279, Time: 00:26:32

Health: -1/81      AC: 15    Str: 24    XL:     10   Next: 67%
Magic:  15/15      EV: 10    Int:  8    God:    Okawaru [****..]
Gold:   1440       SH:  5    Dex: 10    Spells: 9/9 levels left

rFire   + . .      SeeInvis .   n - +7 Throatcutter {drain, coup de grace}
rCold   . . .      Faith    .   c - +0 buckler
rNeg    . . .      Spirit   .   K - +0 acid dragon scales
rPois   .          Reflect  .   i - +0 helmet
rElec   .          Harm     .   J - +2 cloak {Will+}
rCorr   +          Rampage  .   v - +0 pair of gloves
Will    +....                   k - +1 pair of boots
Stlth   +.........              (no amulet)
HPRegen 0.23/turn               G - ring of protection from fire
MPRegen 0.14/turn               (no ring)

@: no status effects
A: no striking features
a: Renounce Religion, Heroism, Finesse


You were on level 8 of the Dungeon.
You worshipped Okawaru.
Okawaru was greatly pleased with you.
You visited 2 branches of the dungeon, and saw 10 of its levels.
You also visited: Ossuary.

You collected 1440 gold pieces.

Inventory:

Hand Weapons
 a - a +2 war axe
 n - the +7 Throatcutter (weapon) {drain, coup de grace}
   (You found it on level 2 of the Dungeon)

   A truly terrible weapon, it drains the life of any living foe it strikes.
   It may instantly kill foes which have little health.
Missiles
 g - 4 atropa-tipped darts
 j - 37 poisoned darts (quivered)
 F - a curare-tipped dart
Armour
 c - a +0 buckler (worn)
 i - a +0 helmet (worn)
 k - a +1 pair of boots (worn)
 v - a +0 pair of gloves (worn)
 J - a +2 cloak of willpower (worn)
 K - +0 acid dragon scales (worn)
Jewellery
 G - a ring of protection from fire (left hand)
Wands
 o - a wand of flame (59)
 x - a wand of polymorph (3)
 y - a wand of acid (9)
Scrolls
 f - 3 scrolls of teleportation
 l - 4 scrolls of fear
 p - a scroll of enchant weapon
 t - 2 scrolls of amnesia
 w - 2 scrolls of enchant armour
 D - a scroll of blinking
Potions
 b - 3 potions of invisibility {unknown}
 d - 3 potions of might
 e - 7 potions of curing
 h - 4 potions of flight
 m - 3 potions of magic
 q - 2 potions of haste {unknown}
 r - a potion of mutation {unknown}
 u - 4 potions of heal wounds {unknown}
 z - 3 potions of attraction
 A - 2 potions of ambrosia {unknown}
 B - 3 potions of lignification {unknown}
 E - 5 potions of berserk rage {unknown}
 H - a potion of cancellation {unknown}
 I - 2 potions of brilliance {unknown}
Miscellaneous
 s - a tin of tremorstones (2/2)


   Skills:
 - Level 5.0 Fighting
 - Level 14.0 Long Blades
 - Level 4.4 Axes
 - Level 5.0 Armour
 - Level 5.0 Shields
 + Level 7.3 Invocations
 - Level 1.0 Evocations


You had 9 spell levels left.
You didn't know any spells.
Your spell library contained the following spells:

 Spells                   Type           Power      Damage    Failure   Level
 Beastly Appendage        Tmut           0%         N/A       56%         1
 Sublimation of Blood     Necr           0%         N/A       71%         2
 Wereblood                Tmut           0%         N/A       71%         2
 Conjure Flame            Conj/Fire      0%         6-21      90%         3
 Ignite Poison            Fire/Tmut/Pois 0%         N/A       90%         3
 Spider Form              Tmut/Pois      0%         N/A       90%         3
 Anguish                  Hex/Necr       0%         N/A       100%        4
 Petrify                  Tmut/Erth      0%         N/A       100%        4
 Sticky Flame             Conj/Fire      0%         2d3       100%        4
 Irradiate                Conj/Tmut      0%         3d11      100%        5
 Enfeeble                 Hex            0%         N/A       100%        7


Dungeon Overview and Level Annotations

Branches:
Dungeon (9/15)             Temple (1/1) D:5         Ossuary (visited)
   Lair: D:8-11         Orc: D:9-12

Altars:
Ashenzari
Cheibriados
Dithmenos
Elyvilon
Fedhas
Gozag
Hepliaklqana
Kikubaaqudgha
Makhleb
Nemelex Xobeh
Okawaru
Qazlal
Ru
Sif Muna
Trog
Uskayaw
Vehumet
Wu Jian
Xom
Yredelemnul
Zin
The Shining One

Shops:
D:3 =   D:7 !   D:8 *

Annotations:
D:7 1 runed translucent door, qeuew's ghost, novice SpHu
D:9 Erolcha


Message History

The ten-headed hydra bites you but does no damage. x2
The ten-headed hydra bites you! x2
The ten-headed hydra bites you but does no damage. x2
The ten-headed hydra bites you!
The ten-headed hydra bites you but does no damage. x2
The ten-headed hydra barely misses you. What are your orders? t - Shout!
Orders for allies: a - Attack new target. r - Retreat! s - Stop attacking. g - Guard the area. f - Follow me.
Anything else - Cancel.
Okay, then.
Unknown command.
The ten-headed hydra attacks as you move away!
The ten-headed hydra closely misses you.
You block the ten-headed hydra's attack.
The ten-headed hydra bites you but does no damage. x2
The ten-headed hydra bites you. x2
The ten-headed hydra bites you but does no damage.
The ten-headed hydra barely misses you.
The ten-headed hydra bites you but does no damage. x2
The ten-headed hydra attacks as you move away!
The ten-headed hydra closely misses you. x2
The ten-headed hydra completely misses you.
You block the ten-headed hydra's attack.
The ten-headed hydra barely misses you.
The ten-headed hydra bites you but does no damage. x2
The ten-headed hydra barely misses you.
The ten-headed hydra bites you but does no damage. x2
The ten-headed hydra attacks as you move away!
You block the ten-headed hydra's attack. x2
The ten-headed hydra bites you but does no damage. x2
The ten-headed hydra bites you. The ten-headed hydra bites you!
* * * LOW HITPOINT WARNING * * *
The ten-headed hydra bites you but does no damage.
The ten-headed hydra bites you!
* * * LOW HITPOINT WARNING * * *
The ten-headed hydra bites you!
You die...

##.## #### ##.##### ######... ###
##....## ########........
#.#####.....####....##..######.
##..##..#<)...........#.##....##
##.....#####.......###...#.####.#
......## #........./...##D#...#
####..# ##.....##''##.'.##[#.#
##.#######...@##8..8#####.##.#
#...........D#8....8# #..#.##
########.....#:....?# ######.
##....#.....}# ######. #####
#....#8....8# #....## #...#
##...##8..8#######..# ###...#
##...##''##.'.#.##.# ##.....#
###........#))#.#.# #..###.##
#..####..#)####.#


You could see a ten-headed hydra.

Vanquished Creatures
  Pikel (D:6)
  A deep elf pyromancer (D:8)
  Maurice (D:8)
  Sigmund (D:6)
  The ghost of styxcanada the Covert, an amateur SpBr of Gozag (D:5)
  A vampire mosquito (D:8)
  A steam dragon (D:7)
  An acid dragon (D:8)
  2 ice beasts
  A water moccasin (D:7)
  An orc warrior (D:7)
  A sky beast (D:6)
  2 black bears
  2 ogres (D:5)
  A centaur (D:5)
  3 kobold brigands
  A bullfrog (D:8)
  5 necrophages
  2 scorpions
  A gnoll sergeant (D:5)
  10 wights (D:8)
  6 killer bees (D:8)
  A howler monkey (D:5)
  A centaur zombie (Ossuary)
  2 human zombies (Ossuary)
  2 gnoll boudas
  4 orc priests
  5 hounds
  Ijyb (D:4)
  Natasha (thrice) (D:2)
  5 iguanas (D:5)
  9 orc wizards
  3 mummies (Ossuary)
  Robin (D:2)
  3 gnolls (D:6)
  4 adders
  2 white imps
  An ufetubus (D:5)
  18 orcs
  5 ball pythons
  7 bats
  5 endoplasms
  A giant cockroach (D:2)
  14 goblins
  7 hobgoblins
  20 kobolds
  5 quokkas
  3 frilled lizards
  2 goblin zombies (Ossuary)
  2 hobgoblin zombies (Ossuary)
  An orc zombie (Ossuary)
  5 rats
188 creatures vanquished.

Vanquished Creatures (others)
  A bush (D:5)
1 creature vanquished.

Grand Total: 189 creatures vanquished

Notes
Turn   | Place    | Note
-------+----------+-------------------------------------------
     0 | D:1      | Omegus91 the Hill Orc Fighter began the quest for the Orb.
     0 | D:1      | Reached XP level 1. HP: 19/19 MP: 1/1
    19 | D:1      | Found a faded altar of an unknown god.
   126 | D:1      | Reached XP level 2. HP: 27/27 MP: 2/2
   758 | D:2      | Reached XP level 3. HP: 33/33 MP: 3/3
   886 | D:2      | Noticed Natasha
   895 | D:2      | Killed Natasha
  1070 | D:2      | Reached XP level 4. HP: 36/40 MP: 4/4
  1335 | D:2      | Noticed Robin
  1354 | D:2      | Killed Robin
  1553 | D:2      | Found the +7 Throatcutter {drain, coup de grace}
  2047 | D:2      | Noticed Natasha
  2053 | D:2      | Killed Natasha
  2054 | D:2      | Reached skill level 1 in Long Blades
  2054 | D:2      | Reached XP level 5. HP: 43/47 MP: 5/5
  2074 | D:2      | Noticed Natasha
  2081 | D:2      | Killed Natasha
  3016 | D:3      | Found Uteg Xiu's Jewellery Emporium.
  3154 | D:3      | Found a sacrificial altar of Ru.
  3429 | D:4      | Reached skill level 2 in Long Blades
  3556 | D:4      | Found a bloodstained altar of Trog.
  3558 | D:4      | Found a shadowy altar of Dithmenos.
  3559 | D:4      | Found a burning altar of Makhleb.
  3560 | D:4      | Found a hazy altar of Hepliaklqana.
  3560 | D:4      | Found a shimmering altar of Xom.
  3561 | D:4      | Found an ornate altar of the Wu Jian Council.
  3595 | D:4      | Noticed Ijyb
  3597 | D:4      | Killed Ijyb
  3598 | D:4      | Reached XP level 6. HP: 52/53 MP: 6/6
  3767 | D:5      | Entered Level 5 of the Dungeon
  3814 | D:5      | Reached skill level 1 in Evocations
  4075 | D:5      | Reached skill level 3 in Long Blades
  4162 | D:5      | Reached skill level 5 in Fighting
  4167 | D:5      | Reached XP level 7. HP: 61/61 MP: 7/7
  4236 | D:5      | Reached skill level 4 in Long Blades
  4236 | D:5      | Reached skill level 5 in Armour
  4236 | D:5      | Reached skill level 5 in Shields
  4290 | D:5      | Reached skill level 5 in Long Blades
  4432 | D:5      | Found a sparkling altar of Nemelex Xobeh.
  4490 | D:5      | Found a staircase to the Ecumenical Temple.
  4502 | Temple   | Entered the Ecumenical Temple
  4747 | Temple   | Became a worshipper of Warmaster Okawaru
  4954 | D:5      | Reached skill level 6 in Long Blades
  4954 | D:5      | Reached XP level 8. HP: 59/68 MP: 8/8
  5014 | D:5      | Found a transporter.
  5014 | D:5      | Identified the +4 dire flail "Zilaho" {venom, Dex+5}
  5014 | D:5      | Noticed styxcanada's ghost (amateur SpBr)
  5096 | D:5      | Reached skill level 7 in Long Blades
  5535 | D:5      | Found a transporter.
  5572 | D:5      | Reached * piety under Okawaru
  5573 | D:5      | Reached skill level 8 in Long Blades
  5640 | D:5      | Killed styxcanada's ghost
  5738 | D:6      | Noticed Pikel
  5753 | D:6      | Killed Pikel
  5753 | D:6      | Reached ** piety under Okawaru
  5754 | D:6      | Reached skill level 10 in Long Blades
  5754 | D:6      | Reached XP level 9. HP: 33/74 MP: 9/9
  6141 | D:6      | Found a sand-covered staircase.
  6150 | Ossuary  | Entered an ossuary
  6319 | Ossuary  | Reached skill level 11 in Long Blades
  6644 | D:6      | Noticed Sigmund
  6654 | D:6      | Killed Sigmund
  6978 | D:7      | Found Ricell's Distillery.
  7261 | D:7      | Reached skill level 12 in Long Blades
  7361 | D:7      | Found a runed translucent door.
  7361 | D:7      | Found a shimmering altar of Xom.
  7361 | D:7      | Noticed qeuew's ghost (novice SpHu)
  7361 | D:7      | Noticed a +4 short sword of chaos
  7547 | D:7      | Reached *** piety under Okawaru
  8016 | D:8      | Found a large runed translucent door.
  8016 | D:8      | Found a large runed translucent door.
  8024 | D:8      | Noticed an eight-headed hydra
  8115 | D:8      | Found a large runed translucent door.
  8115 | D:8      | Found a large runed translucent door.
  8117 | D:8      | Noticed Maurice
  8189 | D:8      | Killed Maurice
  8190 | D:8      | Reached skill level 13 in Long Blades
  8190 | D:8      | Reached XP level 10. HP: 65/81 MP: 9/11
  8323 | D:8      | Noticed a deep elf pyromancer
  8333 | D:8      | Killed a deep elf pyromancer
  8488 | D:8      | Reached **** piety under Okawaru
  8666 | D:8      | You fall into a shaft and drop 1 floor!
  8709 | D:9      | Noticed Erolcha
  8839 | D:8      | Found Iggap's Assorted Antiques.
  8906 | D:8      | Reached skill level 14 in Long Blades
  8906 | D:8      | Reached skill level 5 in Invocations
  9854 | D:8      | HP: 4/81 [ten-headed hydra (8)]
 10254 | D:8      | Identified a scroll of acquirement
 10254 | D:8      | Acquired 1030 gold pieces
 10279 | D:8      | Slain by a ten-headed hydra

Illustrated notes

Levels and vault maps discovered:
D:1:      dpeg_arrival_arbitrary_c, layout_basic,
          shapermc_ecumenical_altar_starsandcircs
D:2:      layout_basic, uniq_natasha, uniq_robin
D:3:      layout_loops_ring, general_overflow_altar, serial_shops,
          nicolae_diamond_shop, serial_glass, glass_columns_a, glass_columns_b
D:4:      layout_rooms, grunt_temple_overflow_open, minmay_hedge_maze,
          hangedman_decor_riveting, uniq_ijyb
D:5:      minmay_thinvault, layout_basic, overflow_temple_1_default,
          minmay_temple_entry_arrows, gammafunk_ghost_smash,
          serial_park_tiny_pond, kb_lookout_dungeons_type
D:6:      layout_loops_ring, chequers_ossuary_entry_cave,
          minmay_a_box_with_orc_wizards_in_it, uniq_sigmund, uniq_pikel
D:7:      layout_cave_pools, ebering_ghost_xom, serial_shops,
          nicolae_shop_statue_plus, nicolae_concentric_dashed_squares_wild
D:8:      layout_layer_cave, serial_shops, nicolae_shop_overgrown_old_shop,
          minmay_hollow_rounded_squares, uniq_maurice
D:9:      layout_roguey, gammafunk_ghost_berserking_beasts, sword_in_stone,
          uniq_erolcha, uniq_erica
Temple:   eino_temple_water

Skill      XL: |  1  2  3  4  5  6  7  8  9 10 |
---------------+-------------------------------+-----
Axes           | 3 4 |  4.4
Fighting       | 4 5 |  5.0
Shields        | 4 5 |  5.0
Long Blades    | 1 2 3 6 10 13 14 | 14.0
Armour         | 4 5 |  5.0
Evocations     | 1 |  1.0
Invocations    | 2 7 |  7.3

Action                   |  1- 3 |  4- 6 |  7- 9 | 10-12 || total
-------------------------+-------+-------+-------+-------++-------
Melee: War axe           |    72 |    60 |       |       ||   132
       Long sword        |       |    72 |   221 |    97 ||   390
Invok: Heroism           |       |       |       |     1 ||     1
       Finesse           |       |       |       |     1 ||     1
  Use: Scroll            |       |    12 |     5 |     3 ||    20
Armor: Scale mail        |    44 |    91 |     3 |       ||   138
       Plate armour      |       |       |    84 |       ||    84
       Steam dragon scal |       |       |    24 |    27 ||    51
       Acid dragon scale |       |       |       |    41 ||    41
Dodge: Dodged            |    27 |    63 |    78 |    45 ||   213
Block: Buckler           |    15 |    36 |    44 |    34 ||   129
